 Dungeon Crawl Stone Soup version 0.18.1-8-gdd0e5ea (webtiles) character file.

37 M4edhros the Sneak (level 3, -1/23 HPs)
             Began as an Octopode Artificer on June 7, 2016.
             Killed themself with a badly aimed iceblast (24 damage)
             ... on level 3 of the Dungeon.
             The game lasted 00:00:45 (770 turns).

M4edhros the Sneak (Octopode Artificer)              Turns: 770, Time: 00:00:45

Health: -1/23      AC:  1    Str: 10    XL:     3   Next: 39%
Magic:  5/5        EV: 12    Int: 14    God:
Gold:   26         SH:  0    Dex: 13    Spells: 0 memorised, 2 levels left

rFire  . . .     SeeInvis .     a - +0 short sword
rCold  . . .     Gourm    .     (no shield)
rNeg   . . .     Faith    .     (helmet restricted)
rPois  .         Spirit   .     (no amulet)
rElec  .         Dismiss  .     (no ring)
rCorr  .         Reflect  .     (no ring)
SustAt .         Harm     .     (no ring)
MR     .....                    (no ring)
Stlth  ++++......               (no ring)
                                (no ring)
                                (no ring)
                                (no ring)

@: not resistant to hostile enchantments, stealthy
A: almost no armour, amphibious, 8 rings, constrict 8, camouflage 1, gelatinous
body 1
a: no special abilities


You were on level 3 of the Dungeon.
You were not hungry.

You visited 1 branch of the dungeon, and saw 3 of its levels.

You collected 26 gold pieces.

Inventory:

Hand Weapons
 a - a +0 short sword (weapon)
Wands
 b - a wand of flame (12/48)
 c - a wand of enslavement (14/24)
 d - a wand of random effects (13/48)
Potions
 e - a potion of cure mutation {unknown}
Comestibles
 f - 2 bread rations
 g - a meat ration


   Skills:
 - Level 1.0 Fighting
 - Level 1.0 Short Blades
 - Level 2.0 Dodging
 + Level 4.6 Stealth
 - Level 3.2 Evocations


You had 2 spell levels left.
You didn't know any spells.

Dungeon Overview and Level Annotations

Branches:
Dungeon (3/15)

Altars:
Ashenzari
Dithmenos
Pakellas
Trog

Annotations:
D:3 Ijyb


Innate Abilities, Weirdness & Mutations

You cannot wear most types of armour.
You are amphibious.
You can wear up to eight rings at the same time.
You can use your tentacles to constrict eight enemies at once.
Your skin changes colour to match your surroundings (Stealth).
Your rubbery body absorbs attacks (AC +1).


Message History

Zapping:
d - a wand of random effects (15/48)
Press: ? - help, Shift-Dir - straight line, f - Ijyb
Aim: Ijyb The rock shatters into small pieces.
This wand has 14 charges left.
Ijyb zaps a wand.
You resist with significant effort.
It is a wand of confusion.
Evoke which item? (* to show all) (? for menu, Esc to quit)
Zapping:
d - a wand of random effects (14/48)
Press: ? - help, Shift-Dir - straight line, f/p - Ijyb
Aim: Ijyb, carrying a wand of confusion {zapped: 1} Ijyb looks slightly unstable.
This wand has 13 charges left.
Evoke which item? (* to show all) (? for menu, Esc to quit)
Zapping:
d - a wand of random effects (13/48)
Press: ? - help, Shift-Dir - straight line, f/p - Ijyb
Aim: Ijyb, carrying a wand of confusion {zapped: 1} The mass of ice explodes!
The iceblast engulfs Ijyb.
Ijyb is severely wounded.
The iceblast engulfs you!
Ouch! That really hurt!
You die...

#.# #.....# #.#
#.###.#
#####.####.###.#
###............>.#
#.....†..###.##†.#
##.........##.##..#
..÷.......###.##..#
##.....#.## #.....#
#.....#.# ####@##
#######.# #g# ##'##
#w# ##...## o..
##.....## .#.##
##.......##.#.#
#.........# #..
+.........+ ...
#....<....# #.!


You could see Ijyb, a worm and an orc.

Vanquished Creatures
  3 adders
  An ooze (D:1)
  3 hobgoblins
  2 bats
  A rat (D:1)
10 creatures vanquished.

Vanquished Creatures (collateral kills)
  A goblin (D:3)
  A hobgoblin (D:3)
2 creatures vanquished.

Grand Total: 12 creatures vanquished

Notes
Turn   | Place    | Note
--------------------------------------------------------------
     0 | D:1      | M4edhros the Octopode Artificer began the quest for the Orb.
     0 | D:1      | Reached XP level 1. HP: 13/13 MP: 3/3
    21 | D:1      | Reached skill level 2 in Stealth
   155 | D:1      | Reached XP level 2. HP: 18/18 MP: 4/4
   162 | D:2      | Found a bloodstained altar of Trog.
   162 | D:2      | Found a shadowy altar of Dithmenos.
   162 | D:2      | Found an oddly glowing altar of Pakellas.
   163 | D:2      | Found a shattered altar of Ashenzari.
   208 | D:2      | Reached skill level 3 in Stealth
   509 | D:3      | Reached skill level 4 in Stealth
   509 | D:3      | Reached XP level 3. HP: 23/23 MP: 5/5
   764 | D:3      | Noticed Ijyb
   770 | D:3      | Killed themself with a badly aimed iceblast

Skill      XL: |  1  2 |
---------------+-------+-----
Stealth        | 2 4 |  4.6
Fighting       | |  1.0
Short Blades   | |  1.0
Dodging        | |  2.0
Evocations     | |  3.2

Action                   || total
-------------------------++-------
Melee: Short sword       ||    21
       Constrict         ||     3
Evoke: Wand              ||     6
 Stab: Sleeping          ||     6
Armor: Skin              ||     4
Dodge: Dodged            ||     8
